 Dungeon Crawl Stone Soup version 0.20-b1-24-gb21faa7 (webtiles) character file.

5768 Gorglomux the Cleaver (level 10, -7/80 HPs)
             Began as a Minotaur Arcane Marksman on May 25, 2017.
             Was a Priest of Makhleb.
             Killed from afar by a gargoyle (18 damage)
             ... with a stone arrow
             ... on level 9 of the Dungeon.
             The game lasted 00:11:07 (9725 turns).

Gorglomux the Cleaver (Minotaur Arcane Marksman)    Turns: 9725, Time: 00:11:08

Health: -7/80      AC:  9    Str: 15    XL:     10   Next: 49%
Magic:  12/13      EV: 17    Int: 10    God:    Makhleb [***...]
Gold:   461        SH:  0    Dex: 19    Spells: 10/11 levels left

rFire    + + +     SeeInvis .   J - +0 war axe
rCold    . . .     Gourm    .   (no shield)
rNeg     . . .     Faith    +   L - +0 fire dragon scales
rPois    .         Spirit   .   (helmet restricted)
rElec    .         Reflect  .   x - scarf {rC+ rF+}
rCorr    .         Harm     .   (no gloves)
MR       +....                  (no boots)
Stlth    +.........             C - amulet of faith
Regen    0.3/turn               m - ring of protection from magic
MPRegen  0.2/turn               f - ring of protection from fire

@: agile
A: retaliatory headbutt, horns 2
a: Minor Destruction, Lesser Servant of Makhleb, Renounce Religion


You were on level 9 of the Dungeon.
You worshipped Makhleb.
Makhleb was most pleased with you.
You were not hungry.

You visited 1 branch of the dungeon, and saw 9 of its levels.

You collected 461 gold pieces.

Inventory:

Hand Weapons
 v - the +5 rapier of Righteous Fury {flame, *Drain rF+ Str+3}
   (You found it on level 6 of the Dungeon)

   It has been specially enchanted to burn those struck by it, causing extra
   injury to most foes and up to half again as much damage against particularly
   susceptible opponents.
   It affects your strength (+3).
   It protects you from fire.
   It causes draining when unequipped.
 J - a +0 war axe (weapon)
 K - a +0 spear
Missiles
 c - 7 javelins (quivered)
Armour
 x - a scarf of resistance (worn)
 G - a +2 cloak
 L - +0 fire dragon scales (worn)
Jewellery
 f - a ring of protection from fire (right hand)
 m - a ring of protection from magic (left hand)
 s - an uncursed ring of positive energy
 u - an uncursed ring of wizardry {unknown}
 B - an uncursed ring of wizardry {unknown}
 C - an amulet of faith (around neck)
 O - a cursed -3 ring of dexterity {unknown}
 X - a cursed ring of loudness {unknown}
Scrolls
 w - 2 scrolls of noise {unknown}
 y - 2 scrolls of fog {unknown}
 A - a scroll of blinking {unknown}
 D - a scroll of random uselessness {unknown}
 M - 5 scrolls of remove curse
 Q - a scroll of magic mapping {unknown}
 T - 2 scrolls of teleportation
 W - a scroll of enchant armour
 Y - 3 scrolls of enchant weapon {unknown}
Potions
 N - a potion of heal wounds
 P - a potion of curing {unknown}
 U - 2 potions of mutation
 V - a potion of invisibility
 Z - 2 potions of might {unknown}
Books
 b - a book of Debilitation

   Spells                             Type                      Level
   a - Corona                         Hexes                        1
   b - Slow                           Hexes                        2
   c - Inner Flame                    Hexes/Fire                   3
   d - Portal Projectile              Hexes/Translocation          3
   e - Cause Fear                     Hexes                        4
   f - Leda's Liquefaction            Hexes/Earth                  4
Comestibles
 z - a meat ration
 R - 2 bread rations
 S - 5 royal jellies


   Skills:
 + Level 4.8 Fighting
 + Level 14.7 Axes
 - Level 2.0 Throwing
 + Level 4.2 Armour
 + Level 5.0 Dodging
 - Level 1.0 Spellcasting
 - Level 2.0 Hexes
 + Level 5.3 Invocations


You had 10 spell levels left.
You knew the following spells:

 Your Spells              Type           Power        Failure   Level  Hunger
a - Corona                Hex            #......      58%         1    ##.....


Dungeon Overview and Level Annotations

Branches:
Dungeon (9/15)             Temple (0/1) D:5            Lair (0/6) D:8
    Orc: D:9-12

Altars:
Ashenzari
Hepliaklqana
Makhleb
Qazlal
Ru
Zin

Shops:
D:9 [

Annotations:
D:7 1 runed door


Innate Abilities, Weirdness & Mutations

You reflexively headbutt those who attack you in melee.
You have a pair of horns on your head.


Message History

You closely miss the centaur warrior. You headbutt the centaur warrior.
You kill the centaur warrior!
Makhleb accepts your kill.
Your Armour skill increases to level 4!
Your Dodging skill increases to level 5!
You see here an arrow.
What are your orders? t - Shout!
Orders for allies: a - Attack new target. r - Retreat! s - Stop attacking. g - Guard the area. f - Follow me.
Anything else - Cancel.
Gang up on whom?
Press: ? - help, Dir - move target cursor, f - gargoyle
Aim: a gargoyle, wielding a flail Attack!
Your orange demon stings the gargoyle.
Your orange demon hits the gargoyle but does no damage.
The gargoyle hurls a stone arrow at you.
The stone arrow hits you!
You die...

## ####### #.
.∩....#
#.######.....##
#.#<(.........
#..(........#
##..(.#...#..#
#..>(49(.....#
#####.#.(....#
.
#@#...[.!#...#
#.#.......c..#
..#..###.#...#
.#.#..# .# ##.
#.###..# # #
...# ###.. ###


You could see a gargoyle and a friendly orange demon.

Vanquished Creatures
  A centaur warrior (D:9)
  Joseph (D:7)
  A hippogriff (D:6)
  A wraith (D:9)
  A water moccasin (D:8)
  Duvessa (D:7)
  A sky beast (D:6)
  A black bear (D:9)
  2 orc warriors
  3 ice beasts
  4 ogres
  A phantom (D:7)
  2 centaurs
  A crocodile (D:7)
  A big kobold (D:7)
  4 bullfrogs
  Dowan (D:7)
  4 scorpions
  A killer bee (D:7)
  A crimson imp (D:5)
  A jelly (D:6)
  A hound (D:8)
  4 orc priests
  Crazy Yiuf (D:7)
  2 bullfrog skeletons
  A gnoll shaman (D:7)
  7 orc wizards
  2 iguanas
  9 worker ants
  A hound zombie (D:8)
  2 hound skeletons (D:7)
  A howler monkey zombie (D:5)
  10 gnolls
  9 adders
  4 shadow imps
  An adder skeleton (D:4)
  A worm (D:5)
  A dart slug (D:2)
  4 leopard geckos
  17 orcs
  A ball python (D:1)
  12 giant cockroaches
  8 goblins
  8 hobgoblins
  14 jackals
  3 quokkas
  6 bats
  10 frilled lizards
  15 kobolds
  A quokka zombie (D:7)
  7 rats
  A butterfly (D:7)
198 creatures vanquished.

Vanquished Creatures (collateral kills)
  A two-headed ogre (D:8)
  A tengu warrior (D:9)
  A slime creature (D:9)
  A wyvern (D:8)
  A wight (D:9)
  An adder (D:8)
6 creatures vanquished.

Vanquished Creatures (others)
  5 toadstools (D:1)
5 creatures vanquished.

Grand Total: 209 creatures vanquished

Notes
Turn   | Place    | Note
-------+----------+-------------------------------------------
     0 | D:1      | Gorglomux the Minotaur Arcane Marksman began the quest for the Orb.
     0 | D:1      | Reached XP level 1. HP: 16/16 MP: 1/1
   500 | D:1      | Reached XP level 2. HP: 23/23 MP: 2/2
   607 | D:1      | Reached skill level 1 in Armour
   616 | D:1      | Reached skill level 3 in Dodging
  1105 | D:2      | Reached XP level 3. HP: 29/29 MP: 3/3
  1526 | D:2      | Found a shattered altar of Ashenzari.
  1629 | D:2      | Reached XP level 4. HP: 12/37 MP: 4/4
  2149 | D:3      | Found a stormy altar of Qazlal.
  2210 | D:3      | Reached skill level 1 in Axes
  2383 | D:3      | Found a burning altar of Makhleb.
  2402 | D:3      | Reached skill level 2 in Axes
  2429 | D:3      | Became a worshipper of Makhleb the Destroyer
  2722 | D:3      | Reached skill level 3 in Axes
  2722 | D:3      | Reached XP level 5. HP: 33/44 MP: 5/5
  2978 | D:4      | Noticed an ogre
  2982 | D:4      | Killed an ogre
  2982 | D:4      | Reached skill level 5 in Axes
  3309 | D:4      | Reached XP level 6. HP: 42/50 MP: 6/6
  3860 | D:5      | Entered Level 5 of the Dungeon
  3941 | D:5      | Reached skill level 6 in Axes
  4064 | D:5      | Found a staircase to the Ecumenical Temple.
  4496 | D:5      | Reached skill level 7 in Axes
  4610 | D:5      | Noticed an ice beast
  5089 | D:6      | Reached XP level 7. HP: 50/56 MP: 7/7
  5139 | D:6      | Reached * piety under Makhleb
  5151 | D:6      | Reached skill level 8 in Axes
  5249 | D:6      | Reached skill level 9 in Axes
  5495 | D:6      | Reached XP level 8. HP: 43/62 MP: 8/8
  5498 | D:6      | Reached skill level 10 in Axes
  5584 | D:6      | Noticed a hippogriff
  5594 | D:6      | Killed a hippogriff
  5745 | D:6      | Found a sacrificial altar of Ru.
  5746 | D:6      | Found a hazy altar of Hepliaklqana.
  5815 | D:6      | Got a crystal rapier
  5816 | D:6      | Identified the +5 rapier of Righteous Fury {flame, *Drain rF+ Str+3} (You found it on level 6 of the Dungeon)
  5896 | D:6      | Found a stormy altar of Qazlal.
  5943 | D:6      | Reached skill level 11 in Axes
  6028 | D:7      | Noticed Joseph
  6042 | D:7      | Killed Joseph
  6042 | D:7      | Reached skill level 12 in Axes
  6385 | D:7      | Reached XP level 9. HP: 67/68 MP: 9/9
  6521 | D:7      | Found a runed door.
  6703 | D:7      | Found a runed door.
  6842 | D:7      | Noticed Dowan
  6843 | D:7      | Noticed Duvessa
  6846 | D:7      | Killed Dowan
  6846 | D:7      | Reached skill level 13 in Axes
  6872 | D:7      | Killed Duvessa
  6872 | D:7      | Reached ** piety under Makhleb
  6889 | D:7      | HP: 3/68 [gnoll/whip (2)]
  7281 | D:7      | Found a glowing silver altar of Zin.
  7484 | D:7      | Reached skill level 1 in Invocations
  7628 | D:7      | Found a runed door.
  7793 | D:7      | Reached *** piety under Makhleb
  7793 | D:7      | Reached skill level 14 in Axes
  7903 | D:7      | Noticed Crazy Yiuf
  7910 | D:7      | Killed Crazy Yiuf
  7984 | D:8      | Reached skill level 3 in Invocations
  8675 | D:8      | Noticed a two-headed ogre
  8705 | D:8      | Killed a two-headed ogre
  8705 | D:8      | Reached skill level 3 in Fighting
  8705 | D:8      | Reached XP level 10. HP: 34/77 MP: 12/12
  8842 | D:8      | HP: 3/77 [poisoned by a water moccasin]
  8847 | D:8      | HP: 2/77 [poisoned by a water moccasin]
  8853 | D:8      | HP: 1/77 [poisoned by a water moccasin]
  9278 | D:8      | Found a staircase to the Lair.
  9379 | D:9      | Found Ifeil's Antique Armour Shoppe.
  9388 | D:9      | Noticed a tengu warrior
  9393 | D:9      | Reached skill level 3 in Armour
  9406 | D:9      | Killed a tengu warrior
  9448 | D:9      | Noticed a centaur warrior
  9716 | D:9      | HP: 4/80 [centaur warrior/arrow (13)]
  9718 | D:9      | Noticed a gargoyle
  9723 | D:9      | Killed a centaur warrior
  9725 | D:9      | Killed from afar by a gargoyle

Skill      XL: |  1  2  3  4  5  6  7  8  9 10 |
---------------+-------------------------------+-----
Armour         | 1 2 4 |  4.2
Dodging        | 3 4 5 |  5.0
Fighting       | 2 3 4 |  4.8
Axes           | 3 5 7 9 12 14 | 14.7
Invocations    | 4 5 |  5.3
Throwing       | |  2.0
Spellcasting   | |  1.0
Hexes          | |  2.0

Action                   |  1- 3 |  4- 6 |  7- 9 | 10-12 || total
-------------------------+-------+-------+-------+-------++-------
Melee: Unarmed           |   125 |       |       |       ||   125
       Headbutt          |    29 |    22 |    69 |    10 ||   130
       Spear             |    61 |    18 |       |       ||    79
       War axe           |       |   203 |   192 |    42 ||   437
       Rapier            |       |       |   142 |       ||   142
Throw: Javelin           |     3 |     3 |     4 |       ||    10
       Throwing net      |     1 |     2 |       |       ||     3
Invok: Minor Destruction |       |       |    16 |     8 ||    24
       Lesser Servant of |       |       |     1 |     3 ||     4
  Use: Scroll            |       |     3 |     4 |       ||     7
       Potion            |       |       |     4 |     6 ||    10
 Stab: Held in net/web   |       |     1 |       |       ||     1
       Distracted        |       |       |       |     1 ||     1
  Eat: Chunk             |     2 |    11 |     8 |     3 ||    24
       Bread ration      |       |       |     1 |       ||     1
Armor: Chain mail        |   120 |   115 |       |       ||   235
       Plate armour      |       |    29 |   146 |       ||   175
       Skin              |       |       |    72 |       ||    72
       Fire dragon scale |       |       |    18 |    15 ||    33
Dodge: Dodged            |    67 |    88 |   114 |    23 ||   292
